AoeStats
← Pierretto

Hill Fort

506821606Analyzed
2v2 RM · 17d ago on Sep 15, 2026· 37m 24s· 4 players
Game mode
Random Map
Map size
Medium (4 player)
Population
200
Speed
Normal
Resources
Standard
Victory
Conquest
Starting age
Dark Age
Ending age
Imperial Age
RankedLock teamsTeams togetherTeam positionsShared explorationLock speedFull tech treeHidden civsTurbo modeCheats
Victory
Defeat
🇨🇭 Armenians · Switzerland
1363
+14
🇹🇼 Poles · Taiwan
1335
+14
🇪🇸 Mongols · Spain
1313
-14
🇪🇸 Georgians · Spain
1302
-14
慢工出細活
6:45 Loom
9:01 Feudal Age
10:20 Double-Bit Axe
13:08 Fletching
18:34 Horse Collar
22:54 Forging
26:14 Castle Age
24:28 Scale Mail Armor
26:03 Stone Mining
26:39 Pikeman
27:23 Squires
28:30 Chain Mail Armor
28:23 Squires
30:50 Gold Mining
39:52 Imperial Age
37:56 Scale Barding Armor
Pierretto
5:50 Loom
8:34 Feudal Age
9:05 Man-at-Arms
11:10 Arson
12:14 Double-Bit Axe
12:56 Long Swordsman
18:33 Forging
20:15 Scale Mail Armor
22:57 Castle Age
21:09 Stone Mining
22:08 Gold Mining
23:57 Chain Mail Armor
23:43 Squires
24:18 Two-Handed Swordsman
24:43 Gambesons
25:13 Gambesons
28:05 Wheelbarrow
28:44 Fletching
29:03 Fletching
29:57 Bodkin Arrow
30:27 Bow Saw
33:30 Imperial Age
32:24 Gold Shaft Mining
32:42 Wheelbarrow
33:03 Ballistics
33:46 Padded Archer Armor
34:01 Horse Collar
34:56 Bracer
36:20 Leather Archer Armor
37:13 Chemistry
Txuko
5:48 Loom
8:56 Feudal Age
12:30 Fletching
18:21 Castle Age
16:43 Gold Mining
16:37 Horse Collar
18:13 Forging
20:06 Scale Barding Armor
27:22 Bloodlines
29:39 Husbandry
31:04 Iron Casting
31:48 Stone Mining
34:05 Wheelbarrow
33:16 Town Watch
36:48 Double-Bit Axe
vanya
5:48 Loom
8:50 Feudal Age
19:45 Bloodlines
25:20 Castle Age
28:31 Fletching
29:16 Bodkin Arrow
30:33 Wheelbarrow
30:26 Town Watch
35:34 Husbandry
35:33 Double-Bit Axe
Connection lost

Rejoining the realm…

Still unreachable

The connection could not be restored.

Session expired

The server has moved on; the page needs a fresh start.